 Dungeon Crawl Stone Soup version 0.28.0-45-g0d030f2227 (webtiles) character file.

Game seed: 17495323994345982771

288 Ablot the Grasshopper (level 6, 0/50 HPs)
             Began as a Gnoll Warper on Apr 1, 2022.
             Slain by a white imp (4 damage)
             ... summoned by Natasha
             ... on level 4 of the Dungeon.
             The game lasted 00:04:23 (4989 turns).

Ablot the Grasshopper (Gnoll Warper)                Turns: 4989, Time: 00:04:24

Health: 0/50       AC:  4    Str: 12    XL:     6   Next: 31%
Magic:  23/23      EV: 13    Int: 13    God:
Gold:   223        SH:  0    Dex: 11    Spells: 13/15 levels left

rFire   . . .      SeeInvis .   s - +2 dagger (speed)
rCold   . . .      Faith    .   (no shield)
rNeg    . . .      Spirit   .   b - +0 leather armour
rPois   .          Reflect  .   x - +0 helmet
rElec   .          Harm     .   (no cloak)
rCorr   .          Rampage  .   (no gloves)
Will    .....                   (no boots)
Stlth   ++........              (no amulet)
HPRegen 0.16/turn               r - ring of magical power
MPRegen 0.18/turn               (no ring)

@: attractive, slowed, very slow
A: fangs 1, strong nose, distributed training
a: no special abilities


You were on level 4 of the Dungeon.
You visited 1 branch of the dungeon, and saw 4 of its levels.

You collected 223 gold pieces.

Inventory:

Hand Weapons
 a - a +0 spear
 s - a +2 dagger of speed (weapon)
Missiles
 d - 5 boomerangs of dispersal
 e - 30 arrows
 f - 152 stones
 h - 8 poisoned darts (quivered)
 j - 42 bolts
 k - 44 sling bullets
 o - a throwing net
Armour
 b - a +0 leather armour (worn)
 x - a +0 helmet (worn)
Jewellery
 r - a ring of magical power (left hand)
Wands
 t - a wand of iceblast (8)
 v - a wand of polymorph (13)
 y - a wand of flame (14)
Scrolls
 c - 4 scrolls of blinking
 g - a scroll of enchant armour {unknown}
 l - 3 scrolls of identify {unknown}
 m - a scroll of enchant weapon {unknown}
 u - a scroll of teleportation {unknown}
 w - a scroll of noise {unknown}
 z - 2 scrolls of immolation {unknown}
 A - a scroll of magic mapping {unknown}
Potions
 i - a potion of lignification {unknown}
 n - a potion of attraction
 p - a potion of ambrosia {unknown}
 q - a potion of haste {unknown}


   Skills:
 + Level 4.9 Fighting
 + Level 1.9 Short Blades
 + Level 1.9 Long Blades
 + Level 1.9 Axes
 + Level 1.9 Maces & Flails
 + Level 4.9 Polearms
 + Level 1.9 Staves
 + Level 1.9 Slings
 + Level 1.9 Bows
 + Level 1.9 Crossbows
 + Level 3.2 Throwing
 + Level 3.2 Armour
 + Level 4.9 Dodging
 + Level 1.9 Stealth
 + Level 1.9 Shields
 + Level 1.9 Unarmed Combat
 + Level 5.3 Spellcasting
 + Level 1.5 Conjurations
 + Level 1.5 Hexes
 + Level 1.5 Summonings
 + Level 1.5 Necromancy
 + Level 5.6 Translocations
 + Level 1.5 Transmutations
 + Level 1.5 Fire Magic
 + Level 1.5 Ice Magic
 + Level 1.5 Air Magic
 + Level 1.5 Earth Magic
 + Level 1.5 Poison Magic
 + Level 2.1 Invocations
 + Level 1.9 Evocations


You had 13 spell levels left.
You knew the following spells:

 Your Spells              Type           Power      Damage    Failure   Level
a - Blink                 Tloc           36%        N/A       3%          2

Your spell library contained the following spells:

 Spells                   Type           Power      Damage    Failure   Level
 Gell's Gravitas          Tloc           18%        N/A       7%          3
 Lesser Beckoning         Tloc           18%        N/A       7%          3
 Teleport Other           Tloc           18%        N/A       7%          3
 Manifold Assault         Tloc           18%        N/A       52%         5


Dungeon Overview and Level Annotations

Branches:
Dungeon (4/15)
 Temple: D:4-7

Altars:
Dithmenos
Sif Muna
Uskayaw
Vehumet

Annotations:
D:4 Natasha


Innate Abilities, Weirdness & Mutations

You have very sharp teeth.
Your uncanny sense of smell can sniff out nearby items.
Your experience applies equally to all skills.


Message History

Natasha zaps a wand.
The puff of flame hits you!
Natasha zaps a wand.
The puff of flame hits you!
You hit Natasha but do no damage. You bite Natasha, but do no damage.
Natasha barely misses you.
You hit Natasha.
Natasha is lightly wounded.
Natasha casts a spell.
You barely miss Natasha.
Natasha is lightly wounded.
Natasha casts a spell at you. The magic dart hits you!
You hit Natasha. Your bite misses Natasha.
Natasha is moderately wounded.
Natasha zaps a wand.
The puff of flame misses you.
You hit Natasha.
Natasha is severely wounded.
The white imp gestures at you. The puff of frost hits you.
Natasha zaps a wand.
The puff of flame hits you.
You completely miss Natasha.
Natasha is severely wounded.
The white imp gestures at you. The puff of frost hits you!
* * * LOW HITPOINT WARNING * * *
Natasha closely misses you.
You completely miss Natasha.
Natasha is severely wounded.
The white imp completely misses you. Natasha claws you.
* * * LOW HITPOINT WARNING * * *
You closely miss Natasha.
Natasha is severely wounded.
The white imp gestures at you. The puff of frost hits you.
* * * LOW HITPOINT WARNING * * *
Natasha misses you.
It was a potion of attraction.
You feel attractive to monsters. The white imp hits you.
* * * LOW HITPOINT WARNING * * *
The white imp freezes you.
You die...

#..#...##...##...##
#..#...#..)).#...##
#..#...#.....#...##
##.#...#.....#...##
#.#...#..⌠..#...## #
#.#...#.....#.).#
#.##.#...#.....#^..#
#....#...#.....#...#
#...@#...##...##...#
#..5h#....#...#....#
#....##...#...#...##
#.....#...##......#
#...#.#....#......#
#... .#....####..⌠#
#... .#.......#####
#... .##.........#
#.........#


You could see Natasha and a white imp (summoned).

Vanquished Creatures
  Blork the orc (D:4)
  A hound (D:4)
  An orc wizard (D:4)
  Natasha (D:4)
  5 gnolls
  An adder (D:4)
  An adder skeleton (D:4)
  2 dart slugs
  5 orcs
  3 ball pythons
  7 endoplasms
  3 giant cockroaches
  7 goblins
  6 hobgoblins
  5 jackals (D:1)
  5 kobolds
  A quokka (D:2)
  2 bats
  4 frilled lizards (D:1)
  7 rats
68 creatures vanquished.

Notes
Turn   | Place    | Note
-------+----------+-------------------------------------------
     0 | D:1      | Ablot the Gnoll Warper began the quest for the Orb.
     0 | D:1      | Reached XP level 1. HP: 20/20 MP: 6/6
    95 | D:1      | Reached XP level 2. HP: 9/26 MP: 7/7
   730 | D:1      | Learned a level 2 spell: Blink
   786 | D:1      | Reached XP level 3. HP: 31/31 MP: 9/9
   825 | D:1      | Reached skill level 5 in Spellcasting
  1343 | D:2      | Found a hide-covered altar of Uskayaw.
  1567 | D:2      | Reached skill level 1 in Invocations
  1573 | D:2      | Found a faded altar of an unknown god.
  2374 | D:3      | Reached skill level 1 in Short Blades
  2374 | D:3      | Reached skill level 1 in Long Blades
  2374 | D:3      | Reached skill level 1 in Axes
  2374 | D:3      | Reached skill level 1 in Maces & Flails
  2374 | D:3      | Reached skill level 1 in Staves
  2374 | D:3      | Reached skill level 1 in Slings
  2374 | D:3      | Reached skill level 1 in Bows
  2374 | D:3      | Reached skill level 1 in Crossbows
  2374 | D:3      | Reached skill level 1 in Stealth
  2374 | D:3      | Reached skill level 1 in Shields
  2374 | D:3      | Reached skill level 1 in Unarmed Combat
  2374 | D:3      | Reached skill level 1 in Evocations
  2410 | D:2      | Reached XP level 4. HP: 17/38 MP: 11/11
  2894 | D:3      | Reached skill level 1 in Conjurations
  2894 | D:3      | Reached skill level 1 in Hexes
  2894 | D:3      | Reached skill level 1 in Summonings
  2894 | D:3      | Reached skill level 1 in Necromancy
  2894 | D:3      | Reached skill level 1 in Transmutations
  2894 | D:3      | Reached skill level 1 in Fire Magic
  2894 | D:3      | Reached skill level 1 in Ice Magic
  2894 | D:3      | Reached skill level 1 in Air Magic
  2894 | D:3      | Reached skill level 1 in Earth Magic
  2894 | D:3      | Reached skill level 1 in Poison Magic
  3248 | D:3      | Found a shadowy altar of Dithmenos.
  3609 | D:4      | Found a radiant altar of Vehumet.
  3704 | D:4      | Found a shimmering blue altar of Sif Muna.
  3825 | D:4      | Noticed Natasha
  3887 | D:4      | Killed Natasha
  3888 | D:4      | Reached XP level 5. HP: 31/43 MP: 12/12
  4501 | D:4      | Noticed Blork the orc
  4521 | D:4      | Killed Blork the orc
  4522 | D:4      | Reached XP level 6. HP: 22/50 MP: 14/14
  4977 | D:4      | Noticed Natasha
  4989 | D:4      | Slain by a white imp

Illustrated notes

Levels and vault maps discovered:
D:1:      lightli_arrival_windingriver, layout_basic
D:2:      layout_basic, basic_altar, hellmonk_ecumenical_altar_slurped_away
D:3:      layout_loops_ring, nicolae_dithmenos_the_darkroom
D:4:      kennysheep_spiral_hall, layout_basic, mainiacjoe_overflow_alcove_2,
          vehumet_altar_wand_db, uniq_blork_the_orc, uniq_natasha

Skill      XL: |  1  2  3  4  5 |
---------------+----------------+-----
Spellcasting   | 5 |  5.3
Invocations    | 1 2 |  2.1
Short Blades   | 1 |  1.9
Long Blades    | 1 |  1.9
Axes           | 1 |  1.9
Maces & Flails | 1 |  1.9
Staves         | 1 |  1.9
Slings         | 1 |  1.9
Bows           | 1 |  1.9
Crossbows      | 1 |  1.9
Stealth        | 1 |  1.9
Shields        | 1 |  1.9
Unarmed Combat | 1 |  1.9
Evocations     | 1 |  1.9
Conjurations   | 1 |  1.5
Hexes          | 1 |  1.5
Summonings     | 1 |  1.5
Necromancy     | 1 |  1.5
Transmutations | 1 |  1.5
Fire Magic     | 1 |  1.5
Ice Magic      | 1 |  1.5
Air Magic      | 1 |  1.5
Earth Magic    | 1 |  1.5
Poison Magic   | 1 |  1.5
Throwing       | 3 |  3.2
Armour         | 3 |  3.2
Fighting       | |  4.9
Polearms       | |  4.9
Dodging        | |  4.9
Translocations | |  5.6

Action                   |  1- 3 |  4- 6 || total
-------------------------+-------+-------++-------
Melee: Spear             |   148 |       ||   148
       Bite              |    12 |    16 ||    28
       Dagger            |    10 |   126 ||   136
       Punch             |     1 |     2 ||     3
Throw: Dart              |       |    10 ||    10
  Use: Potion            |       |     3 ||     3
 Stab: Sleeping          |     1 |     2 ||     3
Armor: Leather armour    |    30 |    17 ||    47
Dodge: Dodged            |    67 |    52 ||   119
